 Dungeon Crawl Stone Soup version 0.21-a0-522-ga8338f0 (webtiles) character file.

408 dvd the Shooter (level 6, -1/42 HPs)
             Began as an Octopode Hunter on Dec 6, 2017.
             Succumbed to dvd's ghost's poison
             ... on level 4 of the Dungeon.
             The game lasted 00:08:11 (2484 turns).

dvd the Shooter (Octopode Hunter)                   Turns: 2484, Time: 00:08:13

Health: -1/42      AC:  1    Str: 18    XL:     6   Next: 88%
Magic:  5/6        EV: 14    Int: 18    God:
Gold:   150        SH:  0    Dex: 13    Spells: 5/5 levels left

rFire    + . .     SeeInvis .   b - +2 dagger (elec)
rCold    x . .     Gourm    .   (no shield)
rNeg     . . .     Faith    .   (helmet restricted)
rPois    .         Spirit   +   u - amulet of guardian spirit
rElec    .         Reflect  .   k - ring of fire
rCorr    .         Harm     .   (no ring)
MR       .....                  (no ring)
Stlth    +++.......             (no ring)
HPRegen  0.14/turn              (no ring)
MPRegen  0.10/turn              (no ring)
                                (no ring)
                                (no ring)

@: mighty, brilliant, lethally poisoned (-1 -> -16), about to teleport, flying
A: almost no armour, stealthy swim, amphibious, 8 rings, constrict 8, camouflage
1, gelatinous body 1
a: no special abilities


You were on level 4 of the Dungeon.
You were hungry.

You visited 1 branch of the dungeon, and saw 4 of its levels.

You collected 150 gold pieces.

Inventory:

Hand Weapons
 a - a +1 shortbow
 b - a +2 dagger of electrocution (weapon)
 l - a +0 short sword
Missiles
 f - 5 tomahawks (quivered)
Jewellery
 k - a ring of fire (left tentacle)
 u - an amulet of guardian spirit (around mantle)
Wands
 v - a wand of acid (3)
Scrolls
 h - 2 scrolls of teleportation
 i - a scroll of identify {unknown}
 j - a scroll of random uselessness {unknown}
 n - 3 scrolls of magic mapping {unknown}
 o - 2 scrolls of fog {unknown}
 r - 3 scrolls of remove curse {unknown}
 s - a scroll of enchant armour {unknown}
Comestibles
 d - 4 bread rations
 m - 3 meat rations
 q - a royal jelly


   Skills:
 + Level 3.1 Fighting
 + Level 1.7 Short Blades
 + Level 6.5 Bows
 + Level 0.9 Throwing
 + Level 2.5 Dodging
 + Level 3.5 Stealth


You had 5 spell levels left.
You didn't know any spells.

Dungeon Overview and Level Annotations

Branches:
Dungeon (4/15)
 Temple: D:4-7

Altars:
Cheibriados
Dithmenos
Fedhas
Xom


Innate Abilities, Weirdness & Mutations

You cannot wear most types of armour.
You are very stealthy in the water. (Stealth+)
You are amphibious.
You can wear up to eight rings at the same time.
You can use your tentacles to constrict eight enemies at once.
Your skin changes colour to match your surroundings (Stealth+).
Your rubbery body absorbs attacks. (AC +1, EV +1)


Message History

You feel sick.
Unknown command.
* * * LOW HITPOINT WARNING * * *
You feel sick.
* * * LOW HITPOINT WARNING * * *
You feel sick.
Okay, then.
Unknown command.
* * * LOW HITPOINT WARNING * * *
You feel sick.
You see here an arrow.
* * * LOW HITPOINT WARNING * * *
You feel sick.
You see here an arrow.
Unknown command.
As you read the scroll labeled VIGGAE UNOMN, it crumbles to dust.
You feel strangely unstable.
It was a scroll of teleportation.
* * * LOW HITPOINT WARNING * * *
You feel sick.
You die...

. #. ... #. #.
#.# #.##.####.#
#.≈.≈..##.###
#..≈≈≈......
#.≈≈_≈....#
##.≈≈≈≈....###
...≈≈(≈@((..<#
####.#...###.# #
### #.....# #.#
###.##..
###.#.###.#
.......
.........#
#.##..
#.####...##
#..... #. #...#
##.... .
#...#####.##....
#.........##....


There were no monsters in sight!

Vanquished Creatures
  The ghost of dvd the Insei, a novice OpTm (D:4)
  A worker ant (D:4)
  6 adders
  3 worms
  3 dart slugs
  3 leopard geckos
  4 orcs (D:3)
  A giant cockroach (D:1)
  10 goblins
  8 hobgoblins
  4 jackals (D:1)
  2 quokkas
  6 bats
  5 frilled lizards
  3 kobolds
  A quokka skeleton (D:4)
  3 rats (D:2)
64 creatures vanquished.

Notes
Turn   | Place    | Note
-------+----------+-------------------------------------------
     0 | D:1      | dvd the Octopode Hunter began the quest for the Orb.
     0 | D:1      | Reached XP level 1. HP: 14/14 MP: 1/1
    73 | D:1      | Reached XP level 2. HP: 19/19 MP: 2/2
   236 | D:1      | Reached XP level 3. HP: 21/24 MP: 3/3
   663 | D:1      | Reached skill level 5 in Bows
   790 | D:2      | Reached XP level 4. HP: 30/30 MP: 4/4
  1468 | D:2      | Reached XP level 5. HP: 35/35 MP: 5/5
  1682 | D:3      | Found a shadowy altar of Dithmenos.
  2392 | D:4      | Found a snail-covered altar of Cheibriados.
  2397 | D:4      | Found a shimmering altar of Xom.
  2462 | D:4      | Found a blossoming altar of Fedhas.
  2462 | D:4      | Noticed dvd's ghost (novice OpTm)
  2475 | D:4      | Killed dvd's ghost
  2475 | D:4      | Reached skill level 1 in Short Blades
  2475 | D:4      | Reached skill level 6 in Bows
  2475 | D:4      | Reached XP level 6. HP: 16/42 MP: 4/6
  2482 | D:4      | HP: 2/42 [poisoned by dvd's ghost]
  2484 | D:4      | Succumbed to dvd's ghost's poison

Vault maps used:
D:1:      dpeg_arrival_rooms_a, serial_glass, glass_columns_c, glass_columns_a,
          glass_columns_a, glass_columns_c
D:2:      first_bread
D:3:      lemuel_crystal_altar
D:4:      fedhas_altar_2, nicolae_overflow_crystal_walls, vehumet_statue,
          minitemple, minmay_temple_entry_nine_rooms, kennysheep_small_square

Skill      XL: |  1  2  3  4  5 |
---------------+----------------+-----
Bows           | 5 6 |  6.5
Stealth        | 2 3 |  3.5
Fighting       | 3 |  3.1
Short Blades   | 1 |  1.7
Throwing       | |  0.9
Dodging        | |  2.5

Action                   |  1- 3 |  4- 6 || total
-------------------------+-------+-------++-------
Melee: Short sword       |    13 |       ||    13
       Constrict         |     6 |     9 ||    15
       Tentacles         |     2 |     5 ||     7
       Dagger            |       |    37 ||    37
 Fire: Shortbow          |    64 |    52 ||   116
Throw: Tomahawk          |       |    10 ||    10
  Use: Potion            |       |     3 ||     3
       Scroll            |       |     1 ||     1
 Stab: Sleeping          |       |     2 ||     2
  Eat: Chunk             |       |     4 ||     4
Armor: Skin              |     2 |     4 ||     6
Dodge: Dodged            |    11 |    15 ||    26

Table legend:
 A = Spawn XP
 B = Non-spawn XP
 C = Spawn XP percentage of total XP
 D = Spawn monster count
 E = Non-spawn monster count
 F = Spawn count percentage of total count
 G = Total turns spent on level
                    A         B        C        D         E        F      G
               +---------+---------+-------+---------+---------+-------+---------
         Total |       0 |     584 |   0.0 |       0 |      64 |   0.0 |  2484
               +---------+---------+-------+---------+---------+-------+---------
           D:1 |       0 |      61 |   0.0 |       0 |      26 |   0.0 |   703
           D:2 |       0 |     108 |   0.0 |       0 |      22 |   0.0 |   830
           D:3 |       0 |      31 |   0.0 |       0 |      13 |   0.0 |   566
           D:4 |       0 |     384 |   0.0 |       0 |       3 |   0.0 |   385
               +---------+---------+-------+---------+---------+-------+---------
